 Dungeon Crawl Stone Soup version 0.20-a0-495-g2241292 (webtiles) character file.

24440 nubinia the Frost Mage (level 13, 0/87 HPs)
             Began as a Barachian Ice Elementalist on Jan 16, 2017.
             Was a High Priest of Sif Muna.
             Slain by a five-headed hydra (10 damage)
             ... on level 6 of the Lair of Beasts on Jan 18, 2017.
             The game lasted 02:57:05 (25774 turns).

nubinia the Frost Mage (BaIE)                      Turns: 25774, Time: 02:57:06

Health: 0/87       AC: 16    Str:  6    XL:     13   Next: 13%
Magic:  10/29      EV: 14    Int: 17    God:    Sif Muna [*****.]
Gold:   971        SH:  0    Dex: 15    Spells: 12/31 levels left

rFire    . . .     SeeInvis .   a - +2 bardiche (venom)
rCold    + + .     Gourm    .   A - +1 robe
rNeg     . . .     Faith    .   (shield currently unavailable)
rPois    .         Spirit   .   S - +0 helmet
rElec    .         Reflect  .   s - +1 cloak
rCorr    .         Harm     .   U - +1 pair of gloves
MR       .....                  (no boots)
Stlth    ++++......             (no amulet)
Regen    0.3/turn               T - ring of stealth
                                C - ring of protection from cold

@: icy armour (expiring), barbed spikes, can't hop, divine energy, very slow
A: swims, thin skeletal structure 1, cold resistance 1, high mp 1, slowness 1,
no potion heal 1, strong legs 2
a: Hop, Stop Divine Energy, Channel Magic, Forget Spell, Renounce Religion


You were on level 6 of the Lair of Beasts.
You worshipped Sif Muna.
Sif Muna was extremely pleased with you.
You were hungry.

You visited 3 branches of the dungeon, and saw 20 of its levels.
You also visited: Sewer.

You collected 971 gold pieces.

Inventory:

Hand Weapons
 a - a +2 bardiche of venom (weapon)
 b - a +2 scythe of freezing
 P - the +3 hand axe of Ruemau {freeze, rF+ Str-3 SInv}
   (You found it on level 11 of the Dungeon)

   It has been specially enchanted to freeze those struck by it, causing extra
   injury to most foes and up to half again as much damage against particularly
   susceptible opponents.
   It can also slow down cold-blooded creatures.
   It affects your strength (-3).
   It protects you from fire.
   It lets you see invisible.
Missiles
 e - 7 curare-tipped needles
Armour
 s - a +1 cloak (worn)
 A - a +1 robe (worn)
 Q - a +0 troll leather armour
 S - a +0 helmet (worn)
 U - a +1 pair of gloves (worn)
Jewellery
 i - an uncursed ring of positive energy
 C - a ring of protection from cold (left hand)
 D - an uncursed ring of flight
 H - an uncursed ring of ice
 L - an uncursed ring of positive energy
 T - a ring of stealth (right hand)
 Y - an uncursed ring of fire
Wands
 f - a wand of lightning (5/15)
 o - a wand of flame (46/48)
 F - a wand of lightning (7/15)
 I - a wand of digging (6/24)
 K - a wand of disintegration (15/24)
Scrolls
 d - 4 scrolls of teleportation
 g - a scroll of summoning
 k - 9 scrolls of identify
 p - 8 scrolls of remove curse
 v - a scroll of recharging
 x - 3 scrolls of blinking
 y - 4 scrolls of fog
 B - 4 scrolls of enchant weapon
 X - a scroll of enchant armour
Potions
 j - 4 potions of brilliance
 m - a potion of agility
 n - 3 potions of magic
 q - 4 potions of haste
 r - 2 potions of cure mutation
 u - 7 potions of might
 w - 2 potions of heal wounds
 E - 8 potions of curing
 J - 2 potions of flight
 M - a potion of cancellation
 R - a potion of resistance
Miscellaneous
 W - a phial of floods
 Z - a sack of spiders
Comestibles
 c - 9 bread rations
 h - 8 meat rations
 N - 11 fruits
 V - a beef jerky


   Skills:
 + Level 3.4 Fighting
 + Level 4.9 Polearms
 + Level 4.2 Dodging
 + Level 4.1 Stealth
 + Level 9.5 Spellcasting
 * Level 7.5 Conjurations
 + Level 5.5 Charms
 * Level 10.9 Summonings
 + Level 1.4 Necromancy
 + Level 12.2 Ice Magic
 + Level 0.2 Evocations


You had 12 spell levels left.
You knew the following spells:

 Your Spells              Type           Power        Failure   Level  Hunger
a - Freeze                Ice            ####         1%          1    None
b - Throw Frost           Conj/Ice       #####.       1%          2    None
c - Throw Icicle          Conj/Ice       #####...     1%          4    ###....
d - Summon Ice Beast      Ice/Summ       #####...     1%          4    ###....
e - Summon Small Mammal   Summ           ####         1%          1    None
f - Recall                Summ/Tloc      N/A          3%          3    None
o - Ozocubu's Armour      Chrm/Ice       #####...     1%          3    None
S - Animate Skeleton      Necr           N/A          6%          1    None


Dungeon Overview and Level Annotations

Branches:
Dungeon (13/15)            Temple (1/1) D:7            Lair (6/6) D:11
  Swamp (0/4) Lair:2       Spider (0/4) Lair:4          Orc (0/2) D:12
  Slime: Lair:5-6    Vaults: D:13-14

Altars:
Cheibriados
Elyvilon
Hepliaklqana
Nemelex Xobeh
Sif Muna
Trog
Uskayaw
Zin
The Shining One

Shops:
D:8 :

Annotations:
D:3 Nuatha's ghost, amateur VSGl
D:11 Josephine; Nergalle; Urug
D:12 1 exclusion, Gastronok


Innate Abilities, Weirdness & Mutations

You can swim through water.
You cover ground slowly.
You can hop longer distances.
You have a somewhat thin skeletal structure. (Dex +2, Stealth)
Your flesh is cold resistant. (rC+)
You have an increased reservoir of magic. (+10% MP)
Potions are less effective at restoring your health.


Message History

The barbed spikes become lodged in your body.
The five-headed hydra barely misses you.
The five-headed hydra bites you. The five-headed hydra bites you!
The five-headed hydra bites you but does no damage. x2
The manticore flicks its tail.
The volley of spikes hits you!
The barbed spikes become lodged in your body.
* * * LOW HITPOINT WARNING * * *
The barbs in your skin will harm you if you move.
Continue? [Y]es or [N]o only, please.
The barbs in your skin will harm you if you move.
Continue?
Okay, then.
As you read the scroll of summoning, it crumbles to dust.
Wisps of shadow whirl around you... The elephant misses your blink frog.
The elephant trunk-slaps your blink frog.
The elephant tramples your blink frog.
Your blink frog stumbles backwards!
The crocodile barely misses you.
The five-headed hydra bites you but does no damage. x2
The five-headed hydra bites you!
You die...

.......................
........................
....S..............≈≈≈≈≈
......F8..........≈≈≈≈≈≈
8.................≈≈≈≈≈≈
.....8.F..F......!≈≈≈≈≈≈
..8...FlYF.......≈≈≈≈≈≈≈
......8tD.YY......≈≈..Y≈
#..H..@###...Y....†.<.≈
#P.....## ##............
P.###h. #............
##. ##........... ##
#.....(.....
#...........
#...........
##..........


You could see a five-headed hydra, 2 elephants, a manticore, a komodo dragon, a
water moccasin, a crocodile, a friendly polar bear, 5 friendly blink frogs and a
friendly ice beast.

Vanquished Creatures
  A death yak (Lair:4)
  A fire crab (Lair:5)
  An ugly thing (D:11)
  3 elephants
  A centaur zombie (D:10)
  4 spiny frogs
  3 blink frogs (Lair:4)
  A redback (Lair:4)
  2 yaks
  A water moccasin (Lair:3)
  7 porcupines
  An orc warrior (D:6)
  A sky beast (D:9)
  2 ice beasts
  2 ogres
  2 phantoms
  4 centaurs
  A wolf (Lair:2)
  2 crocodiles
  A big kobold (D:12)
  11 bullfrogs
  Blork the orc (D:6)
  A gnoll sergeant (D:6)
  A wyvern zombie (D:8)
  A scorpion (D:9)
  Dowan (D:5)
  3 howler monkeys
  6 crimson imps
  A quasit (D:11)
  9 hounds
  A jelly (D:8)
  A bullfrog skeleton (D:7)
  5 orc priests
  Crazy Yiuf (D:7)
  A gnoll shaman (D:4)
  8 orc wizards
  2 iguanas
  8 worker ants
  A hound skeleton (D:10)
  2 worker ant zombies
  11 gnolls
  12 adders
  2 river rats (Sewer)
  2 shadow imps
  A white imp (D:6)
  2 oozes (D:1)
  A worm (D:2)
  5 dart slugs
  5 leopard geckos
  22 orcs
  7 bats
  7 giant cockroaches
  11 goblins
  3 hobgoblins
  6 jackals
  3 quokkas
  14 ball pythons
  4 frilled lizards
  A goblin skeleton (D:6)
  A jackal skeleton (D:6)
  7 kobolds
  A kobold skeleton (D:6)
  2 orc skeletons (D:6)
  2 orc zombies (D:6)
  33 rats
  A fungus (Lair:4)
272 creatures vanquished.

Vanquished Creatures (collateral kills)
  A hydra (Lair:3)
  Harold (Lair:1)
  3 two-headed ogres (D:8)
  The ghost of nono the Protected, a journeyman HaFi of Okawaru (Lair:1)
  The ghost of nono the Protected, a journeyman HaFi of Dithmenos (Lair:1)
  7 death yaks
  The ghost of azzavlup the Nimble, a novice TeBe of Trog (D:8)
  A lindwurm (Lair:5)
  2 ugly things (D:11)
  A wolf spider (Lair:3)
  A manticore (D:11)
  A black mamba (Lair:5)
  4 elephants
  Joseph (D:7)
  A torpor snail (Lair:5)
  2 centaur skeletons
  4 spiny frogs
  A gargoyle (D:10)
  2 rime drakes (Lair:5)
  2 kobold demonologists (D:12)
  3 komodo dragons
  A tyrant leech (Lair:2)
  A jumping spider (Lair:4)
  3 trolls
  A polar bear (Lair:3)
  5 hippogriffs
  6 blink frogs
  2 dream sheep (Lair:5)
  Sigmund (D:5)
  19 yaks
  A wraith (D:11)
  3 wyverns
  2 basilisks
  2 vampire mosquitoes (D:13)
  A hungry ghost (D:10)
  4 water moccasins
  Duvessa (D:5)
  2 porcupines
  3 black bears
  An orc warrior (D:10)
  2 phantoms
  4 ogres
  4 wolves (Lair:2)
  4 crocodiles
  A big kobold (D:12)
  7 bullfrogs
  A howler monkey (D:9)
  A quasit (D:10)
  A bullfrog zombie (D:9)
  A jelly (D:10)
  An orc priest (D:10)
  3 orc wizards
  2 bullfrog skeletons
  2 worker ants
  An adder skeleton (D:8)
  9 orcs
  2 kobolds (D:12)
  A quokka (D:8)
  2 fungi (Lair:4)
149 creatures vanquished.

Vanquished Creatures (others)
  An orc wizard (D:10)
  5 fungi
  3 plants
9 creatures vanquished.

Grand Total: 430 creatures vanquished

Notes
Turn   | Place    | Note
-------+----------+-------------------------------------------
     0 | D:1      | nubinia the Barachian Ice Elementalist began the quest for the Orb.
     0 | D:1      | Reached XP level 1. HP: 13/13 MP: 3/3
   148 | D:1      | Reached XP level 2. HP: 8/19 MP: 0/5
   316 | D:1      | Learned a level 2 spell: Throw Frost
   557 | D:1      | Reached skill level 4 in Ice Magic
   641 | D:1      | Reached XP level 3. HP: 24/24 MP: 2/6
   684 | D:1      | Learned a level 3 spell: Ozocubu's Armour
  1389 | D:1      | Reached XP level 4. HP: 29/30 MP: 2/7
  2128 | D:3      | Noticed Nuatha's ghost (amateur VSGl)
  2193 | D:3      | Found a glowing drain.
  2200 | Sewer    | Entered a sewer
  2512 | Sewer    | Reached XP level 5. HP: 29/35 MP: 6/9
  2706 | Sewer    | Reached skill level 5 in Ice Magic
  3123 | Sewer    | Reached XP level 6. HP: 2/42 MP: 5/12
  3915 | D:4      | Found a snail-covered altar of Cheibriados.
  4007 | D:4      | Reached skill level 1 in Fighting
  4238 | D:4      | Reached XP level 7. HP: 45/48 MP: 9/13
  4244 | D:4      | Learned a level 4 spell: Summon Ice Beast
  4641 | D:3      | Reached skill level 1 in Summonings
  5270 | D:5      | Entered Level 5 of the Dungeon
  6325 | D:5      | Noticed Dowan
  6389 | D:5      | Noticed Duvessa
  6648 | D:5      | Reached skill level 5 in Summonings
  6657 | D:5      | Noticed Sigmund
  6742 | D:6      | Reached XP level 8. HP: 47/54 MP: 8/14
  6854 | D:5      | Reached skill level 6 in Ice Magic
  6962 | D:5      | Found a hazy altar of Hepliaklqana.
  7238 | D:5      | Found a glowing silver altar of Zin.
  7705 | D:5      | Killed Dowan
  7845 | D:6      | Found a glowing golden altar of the Shining One.
  7862 | D:6      | Reached skill level 7 in Ice Magic
  7994 | D:6      | Noticed Blork the orc
  8005 | D:6      | Killed Blork the orc
  8302 | D:6      | Reached skill level 8 in Ice Magic
  8582 | D:7      | Found a staircase to the Ecumenical Temple.
  8591 | Temple   | Entered the Ecumenical Temple
  8608 | Temple   | Became a worshipper of Sif Muna the Loreminder
  8924 | D:7      | Reached XP level 9. HP: 26/59 MP: 11/16
  9123 | D:8      | Reached skill level 9 in Ice Magic
  9685 | D:8      | Learned a level 1 spell: Animate Skeleton
  9697 | D:8      | Found a sparkling altar of Nemelex Xobeh.
  9711 | D:8      | Learned a level 1 spell: Summon Small Mammal
 10038 | D:7      | Reached skill level 5 in Spellcasting
 10060 | D:7      | Reached * piety under Sif Muna
 10259 | D:5      | Killed Duvessa
 10376 | D:5      | Killed Sigmund
 10533 | D:7      | Gained mutation: You have a somewhat thin skeletal structure. (Dex +2, Stealth) [potion of mutation]
 10533 | D:7      | Gained mutation: Potions are less effective at restoring your health. [potion of mutation]
 10533 | D:7      | Gained mutation: Your flesh is cold resistant. (rC+) [potion of mutation]
 10799 | D:6      | Found a glowing golden altar of the Shining One.
 10939 | D:5      | Found a hazy altar of Hepliaklqana.
 11369 | D:5      | Found a glowing silver altar of Zin.
 11609 | D:7      | Noticed Joseph
 11624 | D:7      | Killed Joseph
 11624 | D:7      | Reached skill level 1 in Charms
 12028 | D:7      | Reached skill level 1 in Polearms
 12317 | D:7      | Found a runed door.
 12321 | D:7      | Noticed Crazy Yiuf
 12328 | D:7      | Killed Crazy Yiuf
 12474 | D:8      | Noticed azzavlup's ghost (novice TeBe)
 12488 | D:8      | Killed azzavlup's ghost
 12488 | D:8      | Reached XP level 10. HP: 23/66 MP: 2/18
 12774 | D:8      | Reached ** piety under Sif Muna
 12892 | D:8      | Noticed a two-headed ogre
 13081 | D:8      | Found Yzxoah's Book Shoppe.
 13155 | D:8      | Killed a two-headed ogre
 13155 | D:8      | Reached skill level 10 in Ice Magic
 13485 | D:8      | Noticed a two-headed ogre
 13492 | D:8      | Killed a two-headed ogre
 13500 | D:8      | Noticed a two-headed ogre
 13507 | D:8      | Killed a two-headed ogre
 14336 | D:9      | Upgraded the game from 0.20-a0-493-g19c8d8d to 0.20-a0-494-gf50ee04
 15442 | D:10     | Entered Level 10 of the Dungeon
 15512 | D:10     | Noticed Nergalle
 15612 | D:10     | Noticed a gargoyle
 15933 | D:10     | Killed a gargoyle
 15933 | D:10     | Reached *** piety under Sif Muna
 15933 | D:10     | Reached XP level 11. HP: 72/72 MP: 9/21
 16376 | D:11     | Noticed a green ugly thing
 16469 | D:11     | Noticed a red ugly thing
 16473 | D:11     | Noticed a green ugly thing
 16573 | D:11     | Noticed Urug
 16677 | D:11     | Got a bone hand axe
 16678 | D:11     | Identified the +3 hand axe of Ruemau {freeze, rF+ Str-3 SInv} (You found it on level 11 of the Dungeon)
 16868 | D:12     | Noticed Gastronok
 16905 | D:12     | Noticed a cyan ugly thing
 16911 | D:12     | Noticed a two-headed ogre
 16911 | D:12     | Noticed a green ugly thing
 16920 | D:12     | Found a staircase to the Orcish Mines.
 17191 | D:13     | Noticed a vault guard
 17221 | D:13     | Noticed a centaur warrior
 17708 | D:11     | Killed a green ugly thing
 17714 | D:11     | Killed a red ugly thing
 17719 | D:11     | Gained mutation: You have an increased reservoir of magic. (+10% MP) [mutagenic meat]
 17787 | D:11     | Noticed a tengu warrior
 17791 | D:11     | Noticed Josephine
 17833 | D:11     | Noticed a manticore
 18016 | D:11     | Killed a green ugly thing
 18315 | D:10     | Reached **** piety under Sif Muna
 18318 | D:10     | Reached skill level 5 in Conjurations
 18426 | D:11     | Killed a manticore
 18455 | D:11     | Noticed a death yak
 18472 | D:11     | Killed a death yak
 18701 | D:11     | Found a staircase to the Lair.
 18854 | Lair:1   | Entered Level 1 of the Lair of Beasts
 19082 | Lair:1   | Learned a level 4 spell: Throw Icicle
 19090 | Lair:1   | Reached skill level 11 in Ice Magic
 19166 | Lair:1   | Noticed nono's ghost (journeyman HaFi)
 19167 | Lair:1   | Noticed nono's ghost (journeyman HaFi)
 19880 | Lair:1   | Killed nono's ghost
 19880 | Lair:1   | Reached skill level 5 in Charms
 20085 | Lair:1   | Noticed Harold
 20123 | Lair:1   | HP: 3/74 [nono's ghost (10)]
 20127 | Lair:1   | Killed nono's ghost
 20480 | Lair:1   | Killed Harold
 20942 | Lair:2   | Reached skill level 10 in Summonings
 20942 | Lair:2   | Reached XP level 12. HP: 66/80 MP: 1/26
 21371 | Lair:2   | Found a staircase to the Swamp.
 21634 | Lair:2   | Reached ***** piety under Sif Muna
 21771 | Lair:3   | Noticed a five-headed hydra
 21778 | Lair:3   | Killed a five-headed hydra
 22002 | Lair:3   | Identified Sif Muna's Disquisition on Conjuration and Displacement (Sif Muna gifted it to you on level 3 of the Lair of Beasts)
 22002 | Lair:3   | Received a gift from Sif Muna
 22386 | Lair:3   | You fall through a shaft!
 22386 | Lair:4   | Found a hole to the Spider Nest.
 23075 | Lair:4   | Noticed a death yak
 23151 | Lair:4   | Noticed a death yak
 23151 | Lair:4   | Noticed a death yak
 23161 | Lair:4   | Killed a death yak
 23161 | Lair:4   | Reached skill level 1 in Necromancy
 23171 | Lair:4   | Killed a death yak
 23178 | Lair:4   | Killed a death yak
 23285 | Lair:4   | Noticed a death yak
 23288 | Lair:4   | Noticed a death yak
 23294 | Lair:4   | Killed a death yak
 23295 | Lair:4   | Noticed a death yak
 23301 | Lair:4   | Noticed a death yak
 23302 | Lair:4   | Killed a death yak
 23306 | Lair:4   | Killed a death yak
 23307 | Lair:4   | Killed a death yak
 23810 | Lair:4   | Upgraded the game from 0.20-a0-494-gf50ee04 to 0.20-a0-495-g2241292
 24816 | Lair:5   | Gained mutation: You can hop longer distances. [Barachian growth]
 24816 | Lair:5   | Reached XP level 13. HP: 63/87 MP: 8/28
 24830 | Lair:5   | Reached skill level 12 in Ice Magic
 25447 | Lair:5   | Identified Sif Muna's Incunabulum of Fetching Unholy Magic (Sif Muna gifted it to you on level 5 of the Lair of Beasts)
 25447 | Lair:5   | Received a gift from Sif Muna
 25744 | Lair:5   | Learned a level 3 spell: Recall
 25749 | Lair:6   | Entered Level 6 of the Lair of Beasts
 25774 | Lair:6   | Slain by a five-headed hydra

Vault maps used:
D:1:      dpeg_arrival_rooms_b
D:3:      first_bread, portal_sewer_entry_a
D:4:      kennysheep_slug_shrine
D:5:      nicolae_overflow_crystal_walls, lemuel_doored_altar, uniq_sigmund,
          uniq_duvessa
D:6:      nicolae_tso_besieged_by_evil, uniq_blork_the_orc
D:7:      uniq_crazy_yiuf_cottage, uniq_joseph
D:8:      kennysheep_mini, serial_shops, nicolae_shop_trees
D:10:     uniq_nergalle
D:11:     david_lair_generic, nicolae_trove_entry_diagonal, uniq_urug,
          uniq_josephine
D:12:     orc_0_dummy, grunt_pizzeria, uniq_gastronok
D:13:     grunt_vaults_entry_fortified
Temple:   nicolae_temple_elliptical
Lair:1:   lemuel_fruit_tree, serial_bayou_shore_b, uniq_harold
Lair:2:   minmay_swamp_entry_worms
Lair:3:   grunt_forest_large_clearing_hut
Lair:4:   spider_nest_entry_a, grunt_megastairs_2
Lair:5:   grunt_megastairs_5, lemuel_fruit_fields
Lair:6:   evilmike_catoblepas_cave, minmay_slime_entry_oklob_enclosed,
          infiniplex_staircase_pool, minmay_lair_oklob_chamber
Sewer:    sewer_minmay_w

Skill      XL: |  1  2  3  4  5  6  7  8  9 10 11 12 13 |
---------------+----------------------------------------+-----
Ice Magic      | 4 5 8 9 10 11 12 | 12.2
Spellcasting   | 3 4 5 6 8 9 |  9.5
Dodging        | 3 4 |  4.2
Fighting       | 1 2 3 |  3.4
Summonings     | 5 6 7 8 10 | 10.9
Charms         | 2 4 5 |  5.5
Polearms       | 2 3 4 |  4.9
Conjurations   | 2 4 5 7 |  7.5
Stealth        | 3 4 |  4.1
Necromancy     | 1 |  1.4
Evocations     | |  0.2

Action                   |  1- 3 |  4- 6 |  7- 9 | 10-12 | 13-15 || total
-------------------------+-------+-------+-------+-------+-------++-------
Melee: Unarmed           |     1 |       |       |       |       ||     1
       Dagger            |     6 |     2 |       |       |       ||     8
       Club              |       |    26 |       |       |       ||    26
       Bardiche          |       |       |   187 |    39 |    16 ||   242
       Scythe            |       |       |    53 |   282 |     6 ||   341
 Cast: Freeze            |    43 |   140 |   159 |   112 |     7 ||   461
       Ozocubu's Armour  |     2 |     2 |     3 |    32 |     1 ||    40
       Throw Frost       |       |       |    15 |    13 |       ||    28
       Summon Ice Beast  |       |       |    23 |   245 |    20 ||   288
       Animate Skeleton  |       |       |     8 |    65 |    10 ||    83
       Summon Small Mamm |       |       |     7 |    38 |       ||    45
       Throw Icicle      |       |       |       |     1 |     2 ||     3
Invok: Divine Energy     |       |       |     1 |       |       ||     1
       Channel Magic     |       |       |       |     1 |       ||     1
 Abil: Hop               |     2 |     2 |     6 |    16 |     2 ||    28
Evoke: Wand              |       |       |       |     1 |     2 ||     3
  Use: Scroll            |       |    13 |     4 |    16 |     1 ||    34
       Potion            |       |     6 |     1 |     1 |     1 ||     9
 Stab: Sleeping          |     3 |     1 |    10 |     9 |       ||    23
       Distracted        |       |       |     2 |    14 |       ||    16
  Eat: Chunk             |     3 |    10 |    29 |    61 |     6 ||   109
       Pizza             |       |       |     2 |     1 |       ||     3
       Beef jerky        |       |       |     1 |     2 |       ||     3
       Fruit             |       |       |       |    12 |       ||    12
Armor: Robe              |    10 |    26 |    64 |   158 |    24 ||   282
Dodge: Dodged            |    21 |   136 |   289 |   341 |    38 ||   825
